 Dungeon Crawl Stone Soup version 0.32-a0-558-g233958a4c4 (webtiles) character file.

Game seed: 3573579717638155238

693 senseless the Ducker (level 7, 37/37 HPs)
             Began as a Felid Shapeshifter on Feb 29, 2024.
             Was an Elder of Elyvilon.
             Quit the game on level 5 of the Dungeon.
             The game lasted 00:11:46 (3852 turns).

senseless the Ducker (Felid Shapeshifter)           Turns: 3852, Time: 00:11:47

Health: 37/37      AC:  2    Str: 10    XL:     7   Next: 37%
Magic:  9/9        EV: 19    Int: 14    God:    Elyvilon [****..]
Gold:   196        SH:  0    Dex: 17    Spells: 6/6 levels left
                                        Lives:  0   Deaths: 2

rFire   . .          .
                       - Unarmed
rCold   . . .        (shield unavailable)
rNeg    . . .        (body armour unavailable)
rPois   .            (helmet unavailable)
rElec   .            (cloak unavailable)
rCorr   .            (gloves unavailable)
SInv    +            (boots unavailable)
Will    ++...        (no amulet)
Stlth   +++          n - ring of willpower
HPRegen 0.26/turn    (no ring)
MPRegen 0.11/turn

%: no passive effects
@: beast-form
A: beast (slay +2), very small, claws 1, fangs 3, see invisible, shaggy fur 2,
stealthy paws, no weapons or thrown items, no armour, multi-lived
a: Begin Untransformation, Renounce Religion, Purification, Heal Other, Heal
Self


You were on level 5 of the Dungeon.
You worshipped Elyvilon.
Elyvilon was greatly pleased with you.
You were a hulking beast.
You visited 1 branch of the dungeon, and saw 5 of its levels.

You collected 261 gold pieces.
You spent 65 gold pieces at shops.

Inventory:

Jewellery
 n - a ring of willpower (left paw)
Talismans
 b - a beast talisman (active)
 c - a flux talisman
Scrolls
 f - a scroll of immolation
 g - 2 scrolls of teleportation
 k - 3 scrolls of vulnerability
Potions
 a - a potion of lignification
 d - a potion of haste
 h - 2 potions of might
 i - a potion of berserk rage
 j - a potion of curing
 l - a potion of brilliance
 m - 2 potions of invisibility
 o - a potion of attraction
 p - a potion of enlightenment


   Skills:
 * Level 4.1 Fighting
 + Level 4.8 Dodging
 + Level 4.0 Stealth
 + Level 4.1 Unarmed Combat
 + Level 1.5 Invocations
 * Level 4.3 Shapeshifting


You had 6 spell levels left.
You didn't know any spells.
Your spell library contained the following spells:

 Spells                   Type           Power      Damage    Failure   Level
 Apportation              Tloc           0%         N/A       28%         1
 Necrotise                Necr           0%         1d4       28%         1
 Sting                    Conj/Alch      0%         1d3       28%         1
 Summon Small Mammal      Summ           0%         N/A       28%         1


Dungeon Overview and Level Annotations

Branches:
Dungeon (5/15)             Temple (0/1) D:4

Altars:
Elyvilon
Xom
The Shining One

Shops:
D:2 (??(*   D:3 (!*


Innate Abilities, Weirdness & Mutations

You are a hulking beast.
Your limbs bulge with bestial killing power. (Slay +2)
You have sharp claws.
You have razor-sharp teeth.
You have supernaturally acute eyesight. (SInv)
You are covered in thick fur. (AC +2)
Your paws help you pounce on unaware monsters.
You are incapable of wielding weapons or throwing items.
You cannot wear armour.
You gain extra lives every three experience levels.


Message History

You pounce on the unaware helpless Blork the orc!
You mangle Blork the orc!!
Blork the orc is almost dead.
You claw Blork the orc!
You kill Blork the orc!
Your Stealth skill increases to level 4!
No target in view!
You now have 194 gold pieces (gained 12).
You now have 196 gold pieces (gained 2).
k - 3 scrolls of vulnerability (gained 1)
Found a stone staircase leading up.
Found 8 stones.
You open the door.
An ogre comes into view. It is wielding a +0 giant club.
The ogre shouts!
There is an open door here.
You scratch the ogre.
The ogre is moderately wounded.
The ogre closely misses you.
You scratch the ogre.
The ogre is moderately wounded.
The ogre hits you with a +0 giant club!!
Ouch! That really hurt!
* * * LOW HITPOINT WARNING * * *
You are too injured to fight recklessly!
You are too injured to fight recklessly!
You are too injured to fight recklessly!
You are healed.
You barely miss the ogre. You bite the ogre.
The ogre is moderately wounded.
The ogre hits you with a +0 giant club!!
Ouch! That really hurt!
* * * LOW HITPOINT WARNING * * *
You scratch the ogre.
The ogre is heavily wounded.
The ogre hits you with a +0 giant club!
You die...
Your shape twists and changes as you die.
You rejoin the land of the living...
Are you sure you want to abandon this character and quit the game? (Confirm with "yes".)

#......# #......# .
#......# .. #......#
#..
#......########+##..
#...................
+...................
#...................
#..h................
#......)............
#...................
#......#+######+##..
#......# #..
#......# ###
#......#######
#.............
#.............


There were no monsters in sight!

Vanquished Creatures
  Sigmund (D:2)
  Blork the orc (D:5)
  A scorpion (D:4)
  An orc priest (D:4)
  A bombardier beetle (D:3)
  A hound (D:4)
  A jelly (D:4)
  3 sleepcaps (D:4)
  An iguana (D:4)
  Robin (D:2)
  7 adders
  4 ribbon worms
  A dart slug (D:2)
  8 orcs (D:4)
  5 ball pythons
  4 bats
  10 endoplasms
  3 giant cockroaches
  16 goblins
  8 hobgoblins
  10 kobolds
  5 quokkas
  4 frilled lizards
  4 rats
101 creatures vanquished.

Vanquished Creatures (others)
  A goblin (D:2)
1 creature vanquished.

Grand Total: 102 creatures vanquished

Notes
Turn   | Place    | Note
-------+----------+-------------------------------------------
     0 | D:1      | senseless the Felid Shapeshifter began the quest for the
                  | Orb.
     0 | D:1      | Reached XP level 1. HP: 10/10 MP: 2/2
   138 | D:1      | Reached XP level 2. HP: 14/14 MP: 3/3
   161 | D:1      | Reached skill level 1 in Stealth
   375 | D:1      | Found a faded altar of an unknown god.
   401 | D:1      | Prayed at the altar of an unknown god.
   401 | D:1      | Became a worshipper of Elyvilon the Healer
   401 | D:1      | Reached * piety under Elyvilon
   716 | D:2      | Found Wiadaez's Antique Weapon Shop.
   720 | D:2      | Found Yruplif's Magic Scroll Shop.
   760 | D:2      | Found Xoig's Magic Scroll Shoppe.
   762 | D:2      | Noticed Sigmund
   781 | D:2      | Reached XP level 3. HP: 13/18 MP: 4/4
   783 | D:2      | Killed Sigmund
   784 | D:2      | Reached XP level 4. HP: 17/23 MP: 5/5
   784 | D:2      | Gained a life (2 lives remaining)
   784 | D:2      | Reached XP level 5. HP: 21/28 MP: 6/6
   818 | D:2      | Bought a scroll of identify for 26 gold pieces
   937 | D:2      | Reached ** piety under Elyvilon
  1309 | D:2      | Found Nuegagul's Weapon Shoppe.
  1615 | D:2      | Found Odetaf's General Store.
  1699 | D:2      | Found a glowing golden altar of the Shining One.
  1735 | D:2      | Noticed Robin
  1744 | D:2      | Killed Robin
  2112 | D:3      | Reached *** piety under Elyvilon
  2129 | D:3      | Found Dutzu's Distillery.
  2140 | D:3      | Bought a potion of curing for 39 gold pieces
  2375 | D:3      | Found a white marble altar of Elyvilon.
  2402 | D:3      | Gained mutation: You are covered in thick fur. (AC +2)
                  | [Felid growth]
  2402 | D:3      | Reached XP level 6. HP: 32/32 MP: 7/7
  2464 | D:3      | Found Fuitteux's Antique Weapon Boutique.
  2519 | D:3      | Found a shimmering altar of Xom.
  2619 | D:3      | Found Uzatt's Assorted Antiques.
  2878 | D:4      | Found a staircase to the Ecumenical Temple.
  3070 | D:4      | Reached **** piety under Elyvilon
  3355 | D:4      | Reached skill level 1 in Invocations
  3448 | D:4      | Reached XP level 7. HP: 16/37 MP: 8/8
  3449 | D:4      | Mangled by an iguana
  3449 | D:4      | Lost a life (1 life remaining)
  3794 | D:5      | Entered Level 5 of the Dungeon
  3798 | D:5      | Noticed Blork the orc
  3806 | D:5      | Killed Blork the orc
  3851 | D:5      | Mangled by an ogre
  3851 | D:5      | Lost a life (0 lives remaining)
  3852 | D:5      | Quit the game

Illustrated notes

Levels and vault maps discovered:
D:1:      saegor_arrival_simple_d, layout_loops_ring, basic_ecumenical_altar
D:2:      layout_basic, basic_altar, serial_shops, nicolae_shop_hallway_stairs,
          nicolae_lakefront_shop, shop_statue, nicolae_shop_statue_plus, shop,
          minmay_fractal_squares_5, uniq_sigmund, uniq_robin
D:3:      layout_basic, mainiacjoe_overflow_surrounded_room,
          mainiacjoe_overflow_boulevard, serial_shops,
          nicolae_shop_real_fake_doors, nicolae_shop_crystal, shop,
          minmay_misc_feat_x, kennysheep_big_empty_room, minmay_door_square
D:4:      layout_cave_pools, temple_pool_b, hellmonk_no_cap
D:5:      minmay_octagon_keep, layout_gridville, nicolae_uskayaw_dance_hall,
          kennysheep_generic_room_8, uniq_edmund, uniq_blork_the_orc,
          uniq_prince_ribbit1

Skill      XL: |  1  2  3  4  5  6  7 |
---------------+----------------------+-----
Stealth        | 1 2 3 4 |  4.0
Dodging        | 3 4 |  4.8
Shapeshifting  | 3 4 |  4.3
Fighting       | 2 3 4 |  4.1
Invocations    | 1 |  1.5
Unarmed Combat | 4 |  4.1

Action                     |  1- 3 |  4- 6 |  7- 9 || total
---------------------------+-------+-------+-------++-------
  Melee: Unarmed           |    45 |   169 |    41 ||   255
         Bite              |     5 |    21 |     7 ||    33
         Punch             |     1 |     5 |       ||     6
 Invoke: Heal Self         |       |       |     1 ||     1
    Use: Potion            |     2 |       |       ||     2
         Scroll            |       |    14 |     1 ||    15
   Stab: Sleeping          |     1 |    11 |     1 ||    13
 Armour: Skin              |    17 |    48 |    13 ||    78
  Dodge: Dodged            |    28 |   123 |    23 ||   174

Table legend: (Time is in decaauts)
 A = Elapsed time spent in this place.
 B = Non-inter-level travel time spent in this place.
 C = Inter-level travel time spent in this place.
 D = Time resting spent in this place.
 E = Time spent auto-exploring this place.
 F = Levels seen in this place.
 G = Mean time per level.
                   A        B        C        D        E       F      G
               +--------+--------+--------+--------+--------+-----+--------+
         Total |   3835 |   3702 |    133 |    156 |   2851 |   5 |  767.0 |
       Dungeon |   3835 |   3702 |    133 |    156 |   2851 |   5 |  767.0 |
               +--------+--------+--------+--------+--------+-----+--------+

Top non-repeatable levels by time:
     D:2: 1257 daAuts
     D:4: 991 daAuts
     D:3: 869 daAuts
     D:1: 659 daAuts
     D:5: 57 daAuts
